 Dungeon Crawl Stone Soup version 0.22-a0-413-ge8614c9 (webtiles) character file.

205 Alphaeus the Ruffian (level 5, -2/28 HPs)
             Began as a Vine Stalker Fighter on May 12, 2018.
             Slain by an ice beast (8 damage)
             ... on level 5 of the Dungeon.
             The game lasted 00:02:20 (2579 turns).

Alphaeus the Ruffian (Vine Stalker Fighter)         Turns: 2579, Time: 00:02:21

Health: -2/28      AC:  6    Str: 22    XL:     5   Next: 83%
Magic:  0/6        EV:  8    Int:  8    God:
Gold:   97         SH:  9    Dex: 14    Spells: 4/4 levels left

rFire    . . .     SeeInvis .     - Unarmed
rCold    . . .     Gourm    .   b - +0 shield
rNeg     . . .     Faith    .   a - +0 scale mail
rPois    .         Spirit   +   (no helmet)
rElec    .         Reflect  .   (no cloak)
rCorr    +         Harm     .   (no gloves)
MR       .....                  (no boots)
Stlth    ..........             r - amulet of the acrobat
HPRegen  0.49/turn              k - +3 ring of strength
MPRegen  0.10/turn              q - ring of resist corrosion

@: no status effects
A: fangs 2, regeneration 1, magic shield, antimagic bite, no potion heal 3, rot
immunity
a: no special abilities


You were on level 5 of the Dungeon.
You were hungry.

You visited 1 branch of the dungeon, and saw 4 of its levels.

You collected 97 gold pieces.

Inventory:

Armour
 a - a +0 scale mail (worn)
 b - a +0 shield (worn)
Jewellery
 f - a +4 ring of strength
 k - a +3 ring of strength (left hand)
 q - a ring of resist corrosion (right hand)
 r - an amulet of the acrobat (around neck)
Scrolls
 g - 3 scrolls of identify {unknown}
 h - a scroll of enchant armour {unknown}
 i - a scroll of immolation {unknown}
 l - a scroll of teleportation {unknown}
 m - a scroll of random uselessness {unknown}
Potions
 c - a potion of might
 e - 2 potions of cancellation {unknown}
 j - a potion of lignification {unknown}
 n - a potion of curing {unknown}
 o - a potion of haste {unknown}
 p - a potion of mutation {unknown}
 s - a potion of invisibility {unknown}
 u - a potion of agility {unknown}
Comestibles
 d - 11 rations
 t - 5 chunks of flesh


   Skills:
 + Level 3.3 Fighting
 + Level 2.9 Armour
 * Level 2.2 Dodging
 + Level 3.2 Shields
 * Level 3.5 Unarmed Combat


You had 4 spell levels left.
You didn't know any spells.
Your spell library was empty.

Dungeon Overview and Level Annotations

Branches:
Dungeon (3/15)

Altars:
Ru


Innate Abilities, Weirdness & Mutations

You have extremely sharp teeth.
Your natural rate of healing is unusually fast.
When hurt, damage is shared between your health and your magic reserves.
Your bite disrupts and absorbs the magic of your enemies.
Potions cannot restore your health.
You are immune to rotting.


Message History

The ice beast is severely wounded.
The ice beast hits you but does no damage.
You barely miss the ice beast. You bite the ice beast. You drain its power.
You feel invigorated.
The ice beast is severely wounded.
You block the ice beast's attack. x2
You closely miss the ice beast. Your bite misses the ice beast.
The ice beast is severely wounded.
The ice beast hits you but does no damage.
You hit the ice beast. You bite the ice beast. You drain its power.
You feel invigorated.
The ice beast is almost dead.
The ice beast hits you but does no damage.
You closely miss the ice beast. Your bite misses the ice beast.
The ice beast is almost dead.
You hit the ice beast but do no damage. Your bite misses the ice beast.
The ice beast is almost dead.
You block the ice beast's attack. The ice beast hits you.
The ice beast freezes you!
You die...

####################
>.(............Y@..#
.#################.#
.# #.# .# #.# .# #.#
.# #.# .# #.# .# #.#
.# #)#


You could see an ice beast.

Vanquished Creatures
  A bullfrog skeleton (D:5)
  A worker ant (D:2)
  Robin (D:2)
  5 adders
  An ooze (D:2)
  2 worms
  3 dart slugs
  A leopard gecko (D:2)
  An orc (D:5)
  A ball python (D:1)
  A giant cockroach (D:2)
  21 goblins
  7 hobgoblins
  7 jackals (D:1)
  4 kobolds
  2 quokkas
  7 bats
  A frilled lizard (D:1)
  7 rats
74 creatures vanquished.

Notes
Turn   | Place    | Note
-------+----------+-------------------------------------------
     0 | D:1      | Alphaeus the Vine Stalker Fighter began the quest for the Orb.
     0 | D:1      | Reached XP level 1. HP: 11/11 MP: 2/2
   318 | D:1      | Reached XP level 2. HP: 15/16 MP: 1/3
   719 | D:1      | Reached skill level 1 in Dodging
   720 | D:1      | Reached XP level 3. HP: 19/19 MP: 4/4
  1264 | D:2      | Gained mutation: Your natural rate of healing is unusually fast. [Vine Stalker growth]
  1264 | D:2      | Reached XP level 4. HP: 17/24 MP: 2/5
  1496 | D:2      | Noticed Robin
  1650 | D:2      | Killed Robin
  1654 | D:2      | Reached XP level 5. HP: 17/28 MP: 4/6
  2127 | D:3      | Found a sacrificial altar of Ru.
  2376 | D:3      | You fall through a shaft for 2 floors!
  2376 | D:5      | Entered Level 5 of the Dungeon
  2521 | D:5      | Noticed an ice beast
  2579 | D:5      | Slain by an ice beast

Vault maps used:
D:1:      dpeg_arrival_rooms_with_view
D:2:      kennysheep_generic_room_12, uniq_robin
D:3:      lemuel_crystal_altar, uniq_jessica
D:5:      marbit_many_paths, first_ration, minmay_misc_feat_nine_boxes

Skill      XL: |  1  2  3  4  5 |
---------------+----------------+-----
Dodging        | 1 2 |  2.2
Fighting       | 3 |  3.3
Shields        | 3 |  3.2
Unarmed Combat | 3 |  3.5
Armour         | |  2.9

Action                   |  1- 3 |  4- 6 || total
-------------------------+-------+-------++-------
Melee: Unarmed           |   102 |   155 ||   257
       Bite              |    22 |    48 ||    70
  Eat: Chunk             |     1 |     4 ||     5
Armor: Scale mail        |    35 |    44 ||    79
Dodge: Dodged            |    24 |    48 ||    72
Block: Shield            |    50 |    66 ||   116

Table legend:
 A = Spawn XP
 B = Non-spawn XP
 C = Spawn XP percentage of total XP
 D = Spawn monster count
 E = Non-spawn monster count
 F = Spawn count percentage of total count
 G = Total turns spent on level
                    A         B        C        D         E        F      G
               +---------+---------+-------+---------+---------+-------+---------
         Total |       0 |     293 |   0.0 |       0 |      74 |   0.0 |  2579
               +---------+---------+-------+---------+---------+-------+---------
           D:1 |       0 |      62 |   0.0 |       0 |      35 |   0.0 |  1259
           D:2 |       0 |     125 |   0.0 |       0 |      25 |   0.0 |   788
           D:3 |       0 |      59 |   0.0 |       0 |      11 |   0.0 |   329
           D:5 |       0 |      47 |   0.0 |       0 |       3 |   0.0 |   203
               +---------+---------+-------+---------+---------+-------+---------
